 Dungeon Crawl Stone Soup version 0.28-a0-863-g8cecda6153 (webtiles) character file.

Game seed: 2476168156198786148

14 vineage the Skirmisher (level 2, 0/24 HPs)
             Began as a Demonspawn Gladiator on Nov 18, 2021.
             Slain by a jackal (2 damage)
             ... on level 1 of the Dungeon.
             The game lasted 00:00:30 (202 turns).

vineage the Skirmisher (Demonspawn Gladiator)        Turns: 202, Time: 00:00:31

Health: 0/24       AC:  4    Str: 14    XL:     2   Next: 27%
Magic:  2/2        EV: 12    Int:  9    God:
Gold:   38         SH:  0    Dex: 14    Spells: 1/1 levels left

rFire   . . .      SeeInvis .   a - +0 war axe
rCold   . . .      Faith    .   (no shield)
rNeg    . . .      Spirit   .   b - +0 leather armour
rPois   .          Reflect  .   c - +0 helmet
rElec   .          Harm     .   (no cloak)
rCorr   .          Rampage  .   (no gloves)
Will    .....                   (no boots)
Stlth   +.........              (no amulet)
HPRegen 0.08/turn               (no ring)
MPRegen 0.08/turn               (no ring)

@: no status effects
A: foul stench 1
a: no special abilities


You were on level 1 of the Dungeon.
You visited 1 branch of the dungeon, and saw 1 of its levels.

You collected 38 gold pieces.

Inventory:

Hand Weapons
 a - a +0 war axe (weapon)
Missiles
 d - 3 throwing nets (quivered)
Armour
 b - a +0 leather armour (worn)
 c - a +0 helmet (worn)


   Skills:
 + Level 3.0 Fighting
 - Level 2.6 Axes
 - Level 1.7 Throwing
 - Level 2.6 Dodging


You had one spell level left.
You didn't know any spells.
Your spell library contained the following spells:

 Spells                   Type           Power      Damage    Failure   Level
 Pain                     Necr           0%         1d4       45%         1
 Agony                    Necr           0%         N/A       100%        5
 Excruciating Wounds      Necr           0%         N/A       100%        5


Dungeon Overview and Level Annotations

Branches:
Dungeon (1/15)

Altars:


Innate Abilities, Weirdness & Mutations

You may rarely emit foul miasma when damaged in melee.


Message History

You kill the jackal!
The bat misses you. The jackal bites you. The jackal closely misses you.
The jackal barely misses you.
A hobgoblin comes into view.
The quokka bites you.
* * * LOW HITPOINT WARNING * * *
The hobgoblin barely misses you.
You have reached level 2!
Your demonic ancestry asserts itself...
You begin to emit a foul stench of rot and decay.
You barely miss the jackal. You hit the jackal but do no damage.
You hit the quokka. You hit the hobgoblin. The bat barely misses you.
The jackal closely misses you. The jackal barely misses you.
The jackal bites you.
* * * LOW HITPOINT WARNING * * *
The quokka closely misses you. The jackal closely misses you.
The hobgoblin hits you but does no damage.
The hobgoblin closely misses you.
You closely miss the jackal. You closely miss the hobgoblin.
You hit the hobgoblin.
You kill the hobgoblin!
You slash the quokka!
You kill the quokka!
You barely miss the jackal. The bat misses you. The jackal closely misses you.
The jackal barely misses you. The jackal misses you.
The jackal barely misses you. The hobgoblin barely misses you.
You hit the jackal but do no damage. You closely miss the hobgoblin.
You hit the jackal.
You kill the jackal!
The bat hits you but does no damage.
The jackal bites you but does no damage.
The hobgoblin hits you.
* * * LOW HITPOINT WARNING * * *
The jackal barely misses you.
Your Fighting skill increases to level 3!
You barely miss the hobgoblin. You closely miss the jackal.
The bat hits you but does no damage. The jackal bites you.
* * * LOW HITPOINT WARNING * * *
The hobgoblin closely misses you. The jackal bites you.
You die...

.....###
#.....######
#.†........#
#..........#
########.......#
...............#
#........g.....#
#......†.†b....#
#........†@g...#
#.......##h#####
#.......##.##
+.......##..#
#...>...###.##
#.......###..# #
###........#.# .#
#........#.####.#
###.........).....#


You could see a jackal, 2 hobgoblins and a bat.

Vanquished Creatures
  An endoplasm (D:1)
  A hobgoblin (D:1)
  3 jackals (D:1)
  A quokka (D:1)
  A ball python (D:1)
  5 bats (D:1)
  A kobold (D:1)
13 creatures vanquished.

Notes
Turn   | Place    | Note
-------+----------+-------------------------------------------
     0 | D:1      | vineage the Demonspawn Gladiator began the quest for the
                  | Orb.
     0 | D:1      | Reached XP level 1. HP: 16/16 MP: 1/1
   199 | D:1      | Gained mutation: You may rarely emit foul miasma when
                  | damaged in melee. [demonic ancestry]
   199 | D:1      | Reached XP level 2. HP: 6/23 MP: 2/2
   202 | D:1      | Reached skill level 3 in Fighting
   202 | D:1      | Slain by a jackal

Illustrated notes

Levels and vault maps discovered:
D:1:      dpeg_arrival_orchard, layout_basic

Skill      XL: |  1  2 |
---------------+-------+-----
Fighting       | 3 |  3.0
Axes           | |  2.6
Throwing       | |  1.7
Dodging        | |  2.6

Action                   || total
-------------------------++-------
Melee: War axe           ||    21
Armor: Leather armour    ||    25
Dodge: Dodged            ||    53

Table legend: (Time is in decaauts)
 A = Elapsed time spent in this place.
 B = Non-inter-level travel time spent in this place.
 C = Inter-level travel time spent in this place.
 D = Time resting spent in this place.
 E = Time spent auto-exploring this place.
 F = Levels seen in this place.
 G = Mean time per level.
                   A        B        C        D        E       F      G
               +--------+--------+--------+--------+--------+-----+--------+
         Total |    209 |    209 |      0 |      0 |    161 |   1 |  209.0 |
       Dungeon |    209 |    209 |      0 |      0 |    161 |   1 |  209.0 |
               +--------+--------+--------+--------+--------+-----+--------+

Top non-repeatable levels by time:
     D:1: 209 daAuts
